AoeStats
← Barón de la Cerveza

Arabia

508553811Analyzed
1v1 RM · 10d ago on Sep 23, 2026· 42m 54s· 2 players
Game mode
Random Map
Map size
Tiny (2 player)
Population
200
Speed
Normal
Resources
Standard
Victory
Conquest
Starting age
Dark Age
Ending age
Imperial Age
RankedLock teamsTeams togetherTeam positionsShared explorationLock speedFull tech treeHidden civsTurbo modeCheats
Victory
Defeat
🇦🇷 Franks · Argentina
1913
+15
🇲🇽 Gurjaras · Mexico
1883
-15
Barón de la Cerveza
6:11 Loom
8:43 Feudal Age
10:30 Double-Bit Axe
16:46 Wheelbarrow
17:43 Fletching
25:23 Castle Age
23:24 Horse Collar
25:44 Bloodlines
29:32 Husbandry
31:19 Scale Barding Armor
31:38 Heavy Plow
31:55 Bodkin Arrow
37:33 Imperial Age
35:33 Gold Mining
36:25 Ballistics
36:46 Bow Saw
36:31 Town Watch
37:10 Padded Archer Armor
41:14 Imperial Age
40:27 Thumb Ring
40:17 Light Cavalry
41:24 Hand Cart
43:04 Chemistry
42:13 Bracer
Tobi
5:57 Loom
9:16 Feudal Age
9:22 Man-at-Arms
14:08 Fletching
15:04 Double-Bit Axe
17:26 Scale Mail Armor
24:28 Castle Age
23:29 Forging
23:44 Gold Mining
24:11 Scale Barding Armor
24:03 Arson
24:33 Long Swordsman
25:26 Bodkin Arrow
28:20 Bow Saw
37:23 Imperial Age
35:31 Wheelbarrow
34:57 Ordonnance Companies
36:26 Gold Shaft Mining
36:12 Husbandry
37:39 Hand Cart
37:09 Town Watch
37:53 Ballistics
38:17 Chain Barding Armor
39:18 Chemistry
38:26 Padded Archer Armor
38:37 Cavalier
40:20 Plate Barding Armor
40:29 Cranequins
41:31 Heavy Mounted Crossbowman
43:15 Leather Archer Armor
Connection lost

Rejoining the realm…

Still unreachable

The connection could not be restored.

Session expired

The server has moved on; the page needs a fresh start.